 Seeded DCSS version 0.31-a0-175-g9f7f995f2b (webtiles) character file.

Game seed: 13686468532733257171 (custom seed)

1 innerfire43 the Trooper (level 1, 0/18 HPs)
             Began as a Demonspawn Monk on June 17, 2023.
             Slain by a hobgoblin (1 damage)
             ... on level 1 of the Dungeon.
             The game lasted 00:00:09 (31 turns).

innerfire43 the Trooper (Demonspawn Monk)             Turns: 31, Time: 00:00:09

Health: 0/18       AC:  2    Str: 11    XL:     1   Next: 16%
Magic:  1/1        EV: 13    Int: 11    God:
Gold:   15         SH:  0    Dex: 15    Spells: 0/0 levels left

rFire   . . .        a - +0 short sword
rCold   . . .        d - orb {light}
rNeg    . . .        b - +0 robe
rPois   .            (no helmet)
rElec   .            (no cloak)
rCorr   .            (no gloves)
SInv    .            (no boots)
Will    .....        (no amulet)
Stlth   +            (no ring)
HPRegen 0.23/turn    (no ring)
MPRegen 0.07/turn

%: no passive effects
@: glowing
A: no striking features
a: no special abilities


You were on level 1 of the Dungeon.
You visited 1 branch of the dungeon, and saw 1 of its levels.

You collected 15 gold pieces.

Inventory:

Hand Weapons
 a - a +0 short sword (weapon)
Armour
 b - a +0 robe (worn)
 d - an orb of light (worn)
Scrolls
 e - a scroll of enchant armour {unknown}
Potions
 c - a potion of ambrosia


   Skills:
 + Level 3.0 Fighting
 * Level 2.7 Short Blades
 * Level 2.7 Dodging


You couldn't memorise any spells.
You didn't know any spells.
Your spell library was empty.

Dungeon Overview and Level Annotations

Branches:
Dungeon (1/15)

Altars:


Message History

Found a pair of gloves.
The kobold shouts!
There is a huge open gate here.
A dart slug comes into view.
Found a scroll labelled JIOSHROI ZETRY.
The kobold throws a stone.
The stone closely misses you.
A hobgoblin comes into view.
The hobgoblin shouts!
The dart slug launches a dart at you. The slug dart hits you.
There is a huge open gate here.
The goblin attacks as you move away! The goblin hits you but does no damage.
You hit the goblin.
The goblin is heavily wounded.
You hit the goblin.
You kill the goblin!
The giant cockroach waves its antennae.
The giant cockroach bites you.
The giant cockroach completely misses you.
The kobold hits you but does no damage. The giant cockroach closely misses you.
Things that are here:
a +0 dagger; a goblin corpse You hit the kobold.
The kobold is severely wounded.
The kobold misses you. The hobgoblin barely misses you.
The giant cockroach bites you.
You hit the kobold but do no damage.
The kobold is severely wounded.
The kobold hits you with a +0 dagger. The hobgoblin hits you.
* * * LOW HITPOINT WARNING * * *
The giant cockroach closely misses you.
You hit the kobold but do no damage.
The kobold is severely wounded.
The kobold barely misses you. The hobgoblin hits you.
* * * LOW HITPOINT WARNING * * *
The giant cockroach barely misses you.
You hit the kobold.
You kill the kobold!
The hobgoblin hits you.
You die...

#........#
#........#
#........#
.w.......#
.........##
......!...######
#.[..........
#...##)g'''##.
....###.@B....###
... #...........#
. #...........#
######'''#######
g#...........#o#
##..8.###.8.)###
~.............~#
~.............~#
~~...........~~#


You could see a giant cockroach and a hobgoblin.

Vanquished Creatures
  A goblin (D:1)
  A kobold (D:1)
2 creatures vanquished.

Notes
Turn   | Place    | Note
-------+----------+-------------------------------------------
     0 | D:1      | innerfire43 the Demonspawn Monk began the quest for the
                  | Orb.
     0 | D:1      | Reached XP level 1. HP: 18/18 MP: 1/1
    31 | D:1      | Slain by a hobgoblin

Illustrated notes

Levels and vault maps discovered:
D:1:      lordsloth_arrival_two_stooges, layout_basic, serial_corexii_hall,
          corexii_hall_statues_l, corexii_hall_statues_x

Action                     || total
---------------------------++-------
  Melee: Short sword       ||     6
 Armour: Robe              ||     2
  Dodge: Dodged            ||     8

Table legend: (Time is in decaauts)
 A = Elapsed time spent in this place.
 B = Non-inter-level travel time spent in this place.
 C = Inter-level travel time spent in this place.
 D = Time resting spent in this place.
 E = Time spent auto-exploring this place.
 F = Levels seen in this place.
 G = Mean time per level.
                   A        B        C        D        E       F      G
               +--------+--------+--------+--------+--------+-----+--------+
         Total |     30 |     30 |      0 |      0 |     17 |   1 |   30.0 |
       Dungeon |     30 |     30 |      0 |      0 |     17 |   1 |   30.0 |
               +--------+--------+--------+--------+--------+-----+--------+

Top non-repeatable levels by time:
     D:1: 30 daAuts
